 Dungeon Crawl Stone Soup version 0.22-a0-396-g3f858e3 (webtiles) character file.

147 JeffiDaFish the Firebug (level 5, -2/38 HPs)
             Began as a Draconian Fire Elementalist on May 3, 2018.
             Slain by a gnoll
             ... wielding a +0 spear
              (8 damage)
             ... on level 2 of the Dungeon.
             The game lasted 00:05:38 (2618 turns).

JeffiDaFish the Firebug (DrFE)                      Turns: 2618, Time: 00:05:39

Health: -2/38      AC:  5    Str:  5 (8)  XL:     5   Next: 7%
Magic:  0/9        EV: 12    Int: 16 (17) God:
Gold:   60         SH:  0    Dex:  9 (11) Spells: 2/10 levels left

rFire    . . .     SeeInvis +   a - +0 short sword
rCold    . . .     Gourm    .   (no shield)
rNeg     . . .     Faith    .   (armour unavailable)
rPois    .         Spirit   .   (helmet restricted)
rElec    .         Reflect  .   (no cloak)
rCorr    .         Harm     .   (no gloves)
MR       .....                  (no boots)
Stlth    ++........             (no amulet)
HPRegen  0.12/turn              (no ring)
MPRegen  0.11/turn              (no ring)

@: very slightly contaminated
A: unfitting armour, see invisible, weak 1, cold-blooded, AC +5
a: no special abilities


You were on level 2 of the Dungeon.
You were not hungry.

You visited 1 branch of the dungeon, and saw 2 of its levels.

You collected 60 gold pieces.

Inventory:

Hand Weapons
 a - a +0 short sword (weapon)
Wands
 g - a wand of digging (18)
Scrolls
 c - 3 scrolls of magic mapping
 d - 2 scrolls of identify
 f - a scroll of remove curse
Potions
 e - 2 potions of mutation
Comestibles
 b - 4 rations
 h - 5 chunks of flesh


   Skills:
 - Level 2.0 Dodging
 - Level 1.7 Stealth
 * Level 3.3 Spellcasting
 * Level 3.1 Conjurations
 + Level 3.7 Fire Magic


You had 2 spell levels left.
You knew the following spells:

 Your Spells              Type           Power        Failure   Level  Hunger
a - Flame Tongue          Conj/Fire      ##...        4%          1    None
b - Conjure Flame         Conj/Fire      ##......     13%         3    ###....
c - Sticky Flame          Conj/Fire      ##......     41%         4    ####...


Dungeon Overview and Level Annotations

Branches:
Dungeon (2/15)

Altars:


Innate Abilities, Weirdness & Mutations

Your plain brown scales are hard. (AC +5)
You cannot fit into any form of body armour.
You are cold-blooded and may be slowed by cold attacks.
You have supernaturally acute eyesight. (SInv)
You are weak. (Str -2)


Message History

Aiming: Flame Tongue (safe; 4% risk of failure)
Press: ? - help, Shift-Dir - straight line, f/p - gnoll
Aim: a gnoll, wielding a spear (moderately wounded)
You miscast Flame Tongue.
You are very lightly contaminated with residual magic.
Nothing appears to happen.
Casting: Flame Tongue (safe; 4% risk of failure)
Confirm with . or Enter, or press ? or * to list all spells.
Aiming: Flame Tongue (safe; 4% risk of failure)
Press: ? - help, Shift-Dir - straight line, f/p - gnoll
Aim: a gnoll, wielding a spear (moderately wounded)
The flame tongue hits the gnoll.
The gnoll is severely wounded.
The gnoll misses you. The gnoll hits you with a spear!
* * * LOW HITPOINT WARNING * * *
You hit the gnoll.
The gnoll is almost dead.
The gnoll hits you with a spear!
You die...

#.....)..##.####.....
#(#..#...#.## ##....#
#####(#..#.....####......
#...(.)......#...).......
#.#)#.##.###.######......
#.#.#.#..#.# #.## ##....#
#...<..g#..# ..# #....#
............#g##.#.## #.#.##
##.#####.##.#@#.##..#####.....
#.##.#.............###.
#..................# .
#..#.##.###.#.# ####<.#.#
#.##..#
...!..#.####...>#######
###.#...#....#........
#....)..##.).#######
###...#####.##


You could see a gnoll.

Vanquished Creatures
  Jessica (D:2)
  4 gnolls
  3 adders (D:2)
  A dart slug (D:1)
  3 leopard geckos (D:1)
  2 giant cockroaches
  10 goblins
  8 hobgoblins
  A quokka (D:2)
  3 bats (D:1)
  A frilled lizard (D:1)
  8 kobolds
  5 rats
50 creatures vanquished.

Notes
Turn   | Place    | Note
-------+----------+-------------------------------------------
     0 | D:1      | JeffiDaFish the Draconian Fire Elementalist began the quest for the Orb.
     0 | D:1      | Reached XP level 1. HP: 14/14 MP: 3/3
   663 | D:1      | Reached XP level 2. HP: 19/20 MP: 1/5
   996 | D:1      | Reached XP level 3. HP: 23/26 MP: 1/6
  1026 | D:1      | Learned a level 3 spell: Conjure Flame
  1745 | D:1      | Gained mutation: You are weak. (Str -2) [potion of mutation]
  1745 | D:1      | Gained mutation: You have supernaturally acute eyesight. (SInv) [potion of mutation]
  2191 | D:2      | Reached XP level 4. HP: 29/33 MP: 0/8
  2415 | D:2      | Learned a level 4 spell: Sticky Flame
  2539 | D:2      | Noticed Jessica
  2545 | D:2      | Killed Jessica
  2580 | D:2      | Reached XP level 5. HP: 32/38 MP: 3/9
  2618 | D:2      | Slain by a gnoll

Vault maps used:
D:1:      scummos_arrival_star
D:2:      minitemple, uniq_jessica

Skill      XL: |  1  2  3  4 |
---------------+-------------+-----
Dodging        | 2 |  2.0
Conjurations   | 2 3 |  3.1
Spellcasting   | 3 |  3.3
Stealth        | |  1.7
Fire Magic     | |  3.7

Action                   |  1- 3 |  4- 6 || total
-------------------------+-------+-------++-------
Melee: Short sword       |    75 |    42 ||   117
       Unarmed           |     4 |       ||     4
       Tailslap          |     9 |     4 ||    13
 Cast: Flame Tongue      |    50 |    23 ||    73
       Conjure Flame     |       |     1 ||     1
  Use: Potion            |     3 |     1 ||     4
       Scroll            |     4 |     2 ||     6
  Eat: Chunk             |     4 |     2 ||     6
Armor: Skin              |    32 |    11 ||    43
Dodge: Dodged            |    68 |    36 ||   104

Table legend:
 A = Spawn XP
 B = Non-spawn XP
 C = Spawn XP percentage of total XP
 D = Spawn monster count
 E = Non-spawn monster count
 F = Spawn count percentage of total count
 G = Total turns spent on level
                    A         B        C        D         E        F      G
               +---------+---------+-------+---------+---------+-------+---------
         Total |       0 |     210 |   0.0 |       0 |      50 |   0.0 |  2618
               +---------+---------+-------+---------+---------+-------+---------
           D:1 |       0 |      62 |   0.0 |       0 |      27 |   0.0 |  1932
           D:2 |       0 |     148 |   0.0 |       0 |      23 |   0.0 |   686
               +---------+---------+-------+---------+---------+-------+---------
